 Dungeon Crawl Stone Soup version 0.31-a0-986-g5e6e4ef867 (webtiles) character file.

Game seed: 9032428853359791684

166 Curundu the Cutter (level 5, 0/46 HPs)
             Began as a Draconian Berserker on Nov 21, 2023.
             Was a Priest of Trog.
             Slain by a ball python (2 damage)
             ... on level 3 of the Dungeon.
             The game lasted 00:17:15 (2745 turns).

Curundu the Cutter (Draconian Berserker)            Turns: 2745, Time: 00:17:16

Health: 0/46       AC:  5    Str: 19    XL:     5   Next: 22%
Magic:  5/5        EV: 13    Int:  8    God:    Trog [***...]
Gold:   191        SH:  0    Dex: 12    Spells: 4/4 levels left

rFire   . . .        d - +3 short sword (venom)
rCold   . . .        (no shield)
rNeg    . . .        (body armour unavailable)
rPois   .            (helmet restricted)
rElec   .            (no cloak)
rCorr   .            (no gloves)
SInv    .            (no boots)
Will    +....        (no amulet)
Stlth   +            h - ring of willpower
HPRegen 0.27/turn    (no ring)
MPRegen 0.09/turn

%: no passive effects
@: no status effects
A: AC +5, unfitting armour, cold-blooded
a: Renounce Religion, Berserk, Trog's Hand


You were on level 3 of the Dungeon.
You worshipped Trog.
Trog was most pleased with you.
You visited 1 branch of the dungeon, and saw 3 of its levels.

You collected 191 gold pieces.

Inventory:

Hand Weapons
 a - a +0 short sword
 d - a +3 short sword of venom (weapon)
Missiles
 g - 7 boomerangs (quivered)
 j - 4 javelins
Jewellery
 h - a ring of willpower (left hand)
Scrolls
 b - a scroll of fear
 c - a scroll of teleportation
 l - a scroll of immolation {unknown}
 m - 3 scrolls of identify
 o - 3 scrolls of torment
 r - a scroll of vulnerability {unknown}
Potions
 e - a potion of resistance {unknown}
 f - 2 potions of curing
 i - a potion of might {unknown}
 k - a potion of heal wounds {unknown}
 n - a potion of magic {unknown}
 p - a potion of brilliance {unknown}
 q - a potion of ambrosia {unknown}


   Skills:
 + Level 4.0 Fighting
 + Level 4.7 Short Blades
 + Level 3.6 Dodging
 + Level 0.4 Stealth


You had 4 spell levels left.
You didn't know any spells.
Your spell library was empty.

Dungeon Overview and Level Annotations

Branches:
Dungeon (3/15)

Altars:

Shops:
D:2 (

Annotations:
D:3 Grinder


Innate Abilities, Weirdness & Mutations

Your plain brown scales are hard. (AC +5)
You cannot fit into any form of body armour.
You are cold-blooded and may be slowed by cold attacks.


Message History

A ball python comes into view.
Throw: 7 boomerangs
Press: ? - help, Q - select action, (/) - cycle Shift-Dir - straight line, f/p - Grinder
Aim: Grinder (heavily wounded, 52% to hit)
You throw a boomerang. The boomerang closely misses Grinder.
Throw: 7 boomerangs
Press: ? - help, Q - select action, (/) - cycle Shift-Dir - straight line, f/p - Grinder
Aim: Grinder (heavily wounded, 52% to hit)
You throw a boomerang. The boomerang hits Grinder.
Grinder is severely wounded.
You hit Grinder but do no damage.
Grinder is heavily wounded.
Grinder gestures at you. You resist with almost no effort.
You hit Grinder.
Your tail-slap misses Grinder.
Grinder is severely wounded.
You closely miss Grinder.
Grinder is severely wounded.
Grinder hits you!
* * * LOW HITPOINT WARNING * * *
You writhe in agony.
* * * LOW HITPOINT WARNING * * *
The ball python barely misses you. The ball python misses you.
You barely miss Grinder. You tail-slap Grinder.
Grinder is severely wounded.
Grinder gestures at you. You resist with some effort.
The ball python bites you but does no damage.
The ball python closely misses you.
You hit Grinder.
Grinder is severely wounded.
You completely miss Grinder.
Grinder is severely wounded.
The ball python bites you but does no damage.
The ball python barely misses you. Grinder hits you!
* * * LOW HITPOINT WARNING * * *
You closely miss Grinder.
Grinder is severely wounded.
The ball python bites you.
You die...

######### #########....5@†#
#.........#####S###
###.........# #...#
............# ###.###
##.########.#######...#####
#.# #.................#
##.### #.#................
.....# #......####.#....
...#.# #...........#....


You could see Grinder and a ball python.

Vanquished Creatures
  Natasha (thrice) (D:2)
  An adder (D:2)
  2 worms
  2 dart slugs (D:2)
  8 ball pythons
  5 bats
  10 endoplasms
  4 giant cockroaches
  7 goblins
  4 hobgoblins
  4 jackals (D:1)
  3 quokkas
  4 frilled lizards
  6 kobolds
  3 rats
66 creatures vanquished.

Notes
Turn   | Place    | Note
-------+----------+-------------------------------------------
     0 | D:1      | Curundu the Draconian Berserker began the quest for the
                  | Orb.
     0 | D:1      | Reached XP level 1. HP: 19/19 MP: 1/1
   185 | D:1      | Reached XP level 2. HP: 26/26 MP: 2/2
   607 | D:1      | Reached ** piety under Trog
   608 | D:1      | Reached XP level 3. HP: 31/31 MP: 3/3
  1191 | D:2      | Found Rixadoy's Antique Weapon Emporium.
  1366 | D:2      | Noticed Natasha
  1373 | D:2      | Killed Natasha
  1374 | D:2      | Reached XP level 4. HP: 26/40 MP: 4/4
  1755 | D:2      | Noticed Natasha
  1766 | D:2      | Killed Natasha
  1949 | D:2      | Noticed Natasha
  1962 | D:2      | Killed Natasha
  1963 | D:2      | Reached XP level 5. HP: 20/46 MP: 5/5
  2549 | D:3      | Reached *** piety under Trog
  2589 | D:3      | Found a faded altar of an unknown god.
  2677 | D:3      | Noticed Grinder
  2744 | D:3      | HP: 2/46 [Grinder (8)]
  2745 | D:3      | Slain by a ball python

Illustrated notes

Levels and vault maps discovered:
D:1:      heliophobic_arrival_dark_side_of_the_moon, layout_loops_ring,
          minmay_misc_feat_five, hex_large, minmay_indecisive_spiral
D:2:      layout_loops_ring, serial_shops, shop, uniq_natasha
D:3:      layout_basic, shapermc_ecumenical_altar_gd, uniq_terence, uniq_grinder

Skill      XL: |  1  2  3  4 |
---------------+-------------+-----
Dodging        | 3 |  3.6
Short Blades   | 4 |  4.7
Fighting       | 4 |  4.0
Stealth        | |  0.4

Action                     |  1- 3 |  4- 6 || total
---------------------------+-------+-------++-------
  Melee: Short sword       |   154 |    95 ||   249
         Tailslap          |    13 |    11 ||    24
         Punch             |     1 |       ||     1
  Throw: Boomerang         |     2 |     6 ||     8
    Use: Scroll            |     2 |     3 ||     5
 Armour: Skin              |    86 |    39 ||   125
  Dodge: Dodged            |   100 |    57 ||   157

Table legend: (Time is in decaauts)
 A = Elapsed time spent in this place.
 B = Non-inter-level travel time spent in this place.
 C = Inter-level travel time spent in this place.
 D = Time resting spent in this place.
 E = Time spent auto-exploring this place.
 F = Levels seen in this place.
 G = Mean time per level.
                   A        B        C        D        E       F      G
               +--------+--------+--------+--------+--------+-----+--------+
         Total |   2718 |   2718 |      0 |    340 |      0 |   3 |  906.0 |
       Dungeon |   2718 |   2718 |      0 |    340 |      0 |   3 |  906.0 |
               +--------+--------+--------+--------+--------+-----+--------+

Top non-repeatable levels by time:
     D:2: 1119 daAuts
     D:1: 1048 daAuts
     D:3: 551 daAuts
